 Dungeon Crawl Stone Soup version 0.17.1-3-g152610e (webtiles) character file.

1375 jacquesderrida the Summoner (level 8, 22/53 HPs)
             Began as a High Elf Summoner on Apr 6, 2016.
             Was a Believer of Okawaru.
             Quit the game on level 12 of the Dungeon.
             The game lasted 00:22:51 (3235 turns).

jacquesderrida the Summoner (High Elf Summoner)     Turns: 3235, Time: 00:22:51

Health: 22/53      AC:  6    Str:  9    XL:     8   Next: 39%
Magic:  13/13      EV: 18    Int: 19    God:    Okawaru [**....]
Gold:   289        SH:  0    Dex: 21    Spells: 5 memorised, 0 levels left

rFire  . . .     SeeInvis .     f - +2 falchion (flame)
rCold  . . .     Clarity  .     a - +0 robe
rNeg   . . .     SustAt   .     (no shield)
rPois  .         Gourm    .     v - +2 helmet
rElec  .         Spirit   .     (no cloak)
rCorr  .         Warding  .     o - +0 pair of gloves
rMut   .         Stasis   .     (no boots)
MR     .....                    (no amulet)
Stlth  +++.......               y - ring of flight
                                (no ring)

@: agile, not resistant to hostile enchantments, fairly stealthy
A: no striking features
a: Heroism, Renounce Religion, Evoke Flight


You were on level 12 of the Dungeon.
You worshipped Okawaru.
Okawaru was pleased with you.
You were not hungry.

You visited 2 branches of the dungeon, and saw 10 of its levels.

You collected 289 gold pieces.

Inventory:

Hand Weapons
 e - a +2 hunting sling of flaming
 f - a +2 falchion of flaming (weapon)
 i - a +0 short sword of draining
 l - a +1 short sword of protection
 n - a +0 great sword
Missiles
 r - 9 poisoned needles
Armour
 a - a +0 robe (worn)
 d - a +1 ring mail of magic resistance
 o - a +0 pair of gloves (worn)
 v - a +2 helmet (worn)
Jewellery
 y - a ring of flight (right hand)
Scrolls
 h - a scroll of recharging
 q - 3 scrolls of remove curse
 z - a scroll of identify
Books
 b - a book of Callings

   Spells                             Type                      Level
   a - Summon Small Mammal            Summoning                    1
   b - Call Imp                       Summoning                    2
   c - Call Canine Familiar           Summoning                    3
   d - Summon Guardian Golem          Hexes/Summoning              3
   e - Summon Lightning Spire         Summoning/Air                4
   f - Summon Ice Beast               Ice/Summoning                4
Comestibles
 c - 2 bread rations
 g - 3 chunks of flesh
 m - 12 fruits
 p - 8 slices of pizza
 x - 3 meat rations


   Skills:
 + Level 3.6 Fighting
 + Level 4.7 Long Blades
 - Level 2.1 Dodging
 - Level 2.1 Stealth
 + Level 3.1 Spellcasting
 + Level 8.6 Summonings


You couldn't memorise any spells.
You knew the following spells:

 Your Spells              Type           Power        Failure   Level  Hunger
a - Summon Small Mammal   Summ           ####         1%          1    None
b - Call Imp              Summ           #####...     1%          2    ##.....
c - Call Canine Familiar  Summ           #####...     1%          3    ###....
d - Summon Guardian Gole  Hex/Summ       ###.....     10%         3    ###....
e - Summon Lightning Spi  Summ/Air       ###.....     28%         4    ####...


Dungeon Overview and Level Annotations

Branches:
Dungeon (12/15)            Temple (1/1) D:6             Orc (0/4) D:10
   Lair: D:8-11

Altars:
Dithmenos
Elyvilon
Gozag
Kikubaaqudgha
Makhleb
Nemelex Xobeh
Okawaru
Qazlal
Xom
Zin
The Shining One

Shops:
D:6 :   D:9 [

Portals:
Ice
Cave: D:12


Message History

The white imp closely misses you. The white imp completely misses you.
The white imp gestures at you. The puff of frost misses you.
Unknown command.
Unknown command.
You hit something. You burn something. Something hits you.
The centaur zombie hits you. The white imp closely misses you.
The white imp gestures at you. The puff of frost misses you.
The puff of frost hits the giant frog.
The white imp hits you. The white imp freezes you.
Unknown command.
You aren't carrying any potions.
Unknown command.
Unknown command.
Read which item? (? for menu, Esc to quit)
Okay, then.
You aren't carrying any items that can be evoked.
Read which item? (? for menu, Esc to quit)
Okay, then.
Are you sure you want to abandon this character and quit the game? (Confirm with "yes".)

.#. ..#
#.. .#
#..## .##
## ...##..
..# ....#
#.#
#FZ.#...
#@55#.##
#5555..#
#55o5..###
#555∩.....
#oo....###
#.C....#
#...####
###.# ..


You could see a hill giant, a giant frog, 12 white imps, 3 orcs and a centaur
zombie.

Vanquished Creatures
  A jumping spider (shapeshifter) (D:10)
  A deep elf mage (D:9)
  A centaur (D:10)
  A big kobold (D:10)
  A hound (D:10)
  A jelly (D:9)
  An orc wizard (D:5)
  2 orc priests (D:10)
  A worker ant (D:6)
  A sheep (D:10)
  3 giant geckos
  2 orcs (D:10)
  A giant cockroach (D:4)
  A kobold (D:3)
  2 quokkas
  A giant newt (D:5)
  A quokka skeleton (D:5)
  A rat (D:3)
23 creatures vanquished.

Vanquished Creatures (collateral kills)
  Sigmund (D:4)
  2 yaks (D:10)
  Duvessa (D:4)
  A phantom (D:9)
  An ice beast (D:5)
  A big kobold (D:10)
  Blork the orc (D:4)
  A scorpion (D:5)
  Dowan (D:4)
  A crimson imp (D:5)
  2 hounds
  An iguana (D:5)
  A centaur skeleton (D:5)
  A sheep (D:10)
  4 worker ants
  6 adders
  An ooze (D:4)
  3 worms (D:3)
  A giant gecko (D:3)
  12 orcs
  2 bats (D:3)
  A giant cockroach (D:5)
  6 hobgoblins
  6 goblins
  A kobold (D:3)
  A quokka (D:3)
  3 rats
63 creatures vanquished.

Grand Total: 86 creatures vanquished

Notes
Turn   | Place    | Note
--------------------------------------------------------------
     0 | D:1      | jacquesderrida the High Elf Summoner began the quest for the Orb.
     0 | D:1      | Reached XP level 1. HP: 11/11 MP: 4/4
   362 | D:2      | Reached skill level 4 in Summonings
   434 | D:3      | Reached XP level 2. HP: 13/17 MP: 0/6
   519 | D:3      | Learned a level 2 spell: Call Imp
   672 | D:3      | Reached XP level 3. HP: 13/21 MP: 4/7
   724 | D:3      | Learned a level 3 spell: Call Canine Familiar
   930 | D:4      | Noticed a phantom
  1073 | D:4      | Noticed Duvessa
  1073 | D:4      | Noticed Dowan
  1103 | D:4      | Reached skill level 5 in Summonings
  1118 | D:4      | Killed Dowan
  1118 | D:4      | Reached XP level 4. HP: 12/27 MP: 0/8
  1136 | D:4      | Killed Duvessa
  1277 | D:4      | Reached XP level 5. HP: 24/31 MP: 4/9
  1320 | D:4      | Noticed Sigmund
  1337 | D:4      | Killed Sigmund
  1337 | D:4      | Reached skill level 6 in Summonings
  1411 | D:4      | Reached XP level 6. HP: 20/36 MP: 7/10
  1418 | D:4      | Noticed Blork the orc
  1426 | D:4      | Killed Blork the orc
  1676 | D:5      | Entered Level 5 of the Dungeon
  1697 | D:5      | Reached skill level 7 in Summonings
  1718 | D:5      | Learned a level 3 spell: Summon Guardian Golem
  1780 | D:5      | Found a sparkling altar of Nemelex Xobeh.
  1889 | D:5      | Found a stormy altar of Qazlal.
  2197 | D:5      | Found a glowing silver altar of Zin.
  2336 | D:6      | Found Viguzo's Book Shop.
  2378 | D:6      | Found a staircase to the Ecumenical Temple.
  2391 | D:6      | Reached XP level 7. HP: 34/42 MP: 11/11
  2407 | Temple   | Entered the Ecumenical Temple
  2449 | Temple   | Became a worshipper of Warmaster Okawaru
  2510 | D:6      | You fall through a shaft for 3 floors!
  2510 | D:9      | Noticed a yak
  2510 | D:9      | Noticed a yak
  2510 | D:9      | Noticed a yak
  2557 | D:9      | Reached skill level 1 in Long Blades
  2559 | D:10     | Entered Level 10 of the Dungeon
  2602 | D:10     | Reached skill level 1 in Fighting
  2611 | D:10     | Noticed a yak
  2611 | D:10     | Noticed a yak
  2667 | D:10     | Killed a yak
  2667 | D:10     | Reached skill level 8 in Summonings
  2705 | D:10     | Killed a yak
  2705 | D:10     | Reached * piety under Okawaru
  2838 | D:10     | Noticed a hog
  2879 | D:10     | Found a staircase to the Orcish Mines.
  2890 | D:10     | Noticed a basilisk
  2890 | D:10     | a hog changed into a basilisk
  2892 | D:10     | Noticed an orb spider
  2892 | D:10     | a basilisk changed into an orb spider
  2896 | D:10     | Noticed a jumping spider
  2896 | D:10     | an orb spider changed into a jumping spider
  2907 | D:10     | Killed a jumping spider
  2907 | D:10     | Reached ** piety under Okawaru
  2907 | D:10     | Reached XP level 8. HP: 31/51 MP: 7/12
  3046 | D:10     | Noticed an elephant
  3170 | D:9      | Noticed a deep elf mage
  3184 | D:9      | Killed a deep elf mage
  3193 | D:9      | Learned a level 4 spell: Summon Lightning Spire
  3223 | D:9      | Found Toxt's Armour Emporium.
  3228 | D:9      | You fall through a shaft for 3 floors!
  3228 | D:12     | Found a frozen archway.
  3228 | D:12     | Noticed a centaur zombie
  3231 | D:12     | Noticed a hill giant
  3235 | D:12     | Quit the game

Action                   |  1- 3 |  4- 6 |  7- 9 || total
-------------------------+-------+-------+-------++-------
Melee: Unarmed           |     2 |       |       ||     2
       Short sword       |    32 |    46 |     3 ||    81
       Falchion          |       |       |    53 ||    53
       Great sword       |       |       |     8 ||     8
 Cast: Summon Small Mamm |    34 |       |     1 ||    35
       Call Imp          |    11 |     9 |     3 ||    23
       Call Canine Famil |     7 |    16 |     8 ||    31
       Summon Guardian G |       |     2 |     7 ||     9
  Use: Scroll            |     4 |    10 |       ||    14
       Potion            |     1 |     2 |     4 ||     7
 Stab: Sleeping          |       |     2 |       ||     2
       Distracted        |       |     1 |     3 ||     4
  Eat: Chunk             |     2 |     6 |     6 ||    14
       Beef jerky        |       |       |     1 ||     1
